 Dungeon Crawl Stone Soup version 0.29-a0-383-g8b6f518c11 (webtiles) character file.

Game seed: 5031288598414339891

695 Bruhh the Chiller (level 7, -26/51 HPs)
             Began as a Gnoll Ice Elementalist on May 6, 2022.
             Killed by an exploding kobold (36 damage)
             ... ignited by their inner flame
             ... on level 4 of the Dungeon.
             The game lasted 00:05:23 (3485 turns).

Bruhh the Chiller (Gnoll Ice Elementalist)          Turns: 3485, Time: 00:05:23

Health: -26/51     AC:  2    Str:  7    XL:     7   Next: 64%
Magic:  7/15       EV: 13    Int: 17    God:
Gold:   141        SH:  0    Dex: 12    Spells: 10/17 levels left

rFire   . . .      SeeInvis .   i - +0 rapier
rCold   . . .      Faith    .   (no shield)
rNeg    . . .      Spirit   .   a - +0 robe
rPois   .          Reflect  .   (no helmet)
rElec   .          Harm     .   (no cloak)
rCorr   .          Rampage  .   (no gloves)
Will    .....                   (no boots)
Stlth   +++.......              t - amulet of regeneration
HPRegen 0.97/turn               (no ring)
MPRegen 0.14/turn               (no ring)

@: freezing walls
A: fangs 1, strong nose, distributed training
a: no special abilities


You were on level 4 of the Dungeon.
You visited 1 branch of the dungeon, and saw 4 of its levels.

You collected 141 gold pieces.

Inventory:

Hand Weapons
 i - a +0 rapier (weapon)
Armour
 a - a +0 robe (worn)
 k - a +0 ring mail
Jewellery
 s - a ring of protection from cold
 t - an amulet of regeneration (around neck)
Wands
 w - a wand of digging (6)
Scrolls
 c - 5 scrolls of identify {unknown}
 e - 2 scrolls of immolation
 f - 2 scrolls of magic mapping {unknown}
 g - a scroll of blinking {unknown}
 h - 2 scrolls of vulnerability {unknown}
 j - 2 scrolls of noise {unknown}
 l - a scroll of teleportation {unknown}
 n - 2 scrolls of acquirement {unknown}
 r - a scroll of enchant weapon {unknown}
 v - 2 scrolls of poison {unknown}
Potions
 b - a potion of magic
 d - 2 potions of mutation {unknown}
 m - 2 potions of heal wounds
 o - 2 potions of curing {unknown}
 p - a potion of lignification {unknown}
 q - a potion of flight {unknown}
 u - a potion of might {unknown}
 x - 2 potions of cancellation {unknown}


   Skills:
 + Level 2.6 Fighting
 + Level 2.6 Short Blades
 + Level 2.6 Long Blades
 + Level 2.6 Axes
 + Level 2.6 Maces & Flails
 + Level 2.6 Polearms
 + Level 2.6 Staves
 + Level 2.6 Slings
 + Level 2.6 Bows
 + Level 2.6 Crossbows
 + Level 2.6 Throwing
 + Level 2.6 Armour
 + Level 5.3 Dodging
 + Level 5.0 Stealth
 + Level 2.6 Shields
 + Level 2.6 Unarmed Combat
 + Level 5.7 Spellcasting
 + Level 2.1 Conjurations
 + Level 2.1 Hexes
 + Level 2.1 Summonings
 + Level 2.1 Necromancy
 + Level 2.1 Translocations
 + Level 2.1 Transmutations
 + Level 2.1 Fire Magic
 + Level 7.4 Ice Magic
 + Level 2.1 Air Magic
 + Level 2.1 Earth Magic
 + Level 2.1 Poison Magic
 + Level 2.9 Invocations
 + Level 2.6 Evocations


You had 10 spell levels left.
You knew the following spells:

 Your Spells              Type           Power      Damage    Failure   Level
a - Freeze                Ice            100%       1d11      1%          1
b - Frozen Ramparts       Ice            60%        1d8       1%          3
c - Ozocubu's Armour      Ice            30%        N/A       1%          3

Your spell library contained the following spells:

 Spells                   Type           Power      Damage    Failure   Level
 Hailstorm                Conj/Ice       21%        3d6       19%         4


Dungeon Overview and Level Annotations

Branches:
Dungeon (4/15)
 Temple: D:4-7

Altars:
Uskayaw

Shops:
D:4 (


Innate Abilities, Weirdness & Mutations

You have very sharp teeth.
Your uncanny sense of smell can sniff out nearby items.
Your experience applies equally to all skills.


Message History

The creatures around you are filled with an inner flame!
It was a scroll of immolation.
Edmund zaps a wand.
The puff of flame hits you!
* * * LOW HITPOINT WARNING * * *
It was a potion of heal wounds.
You feel much better. Edmund closely misses you.
The kobold hits you with a +0 dagger.
Edmund says, "Everyone always remembers my brother. 'Who's Edmund?' they ask!"
Edmund zaps a wand.
The puff of flame hits you!
Edmund says, "You wouldn't believe how much I paid for this flail."
The kobold throws a stone.
The stone barely misses you.
Casting: Freeze (safe; 1% risk of failure)
Confirm with . or Enter, or press ? or * to list all spells.
Casting: Frozen Ramparts (safe; 1% risk of failure)
Press: ? - help, Dir - look around, f - activate The walls around you are covered in ice.
Casting: Frozen Ramparts (safe; 1% risk of failure)
Confirm with . or Enter, or press ? or * to list all spells.
A film of ice covers your body!
The wall freezes Edmund!
Flame seeps out of Edmund.
Edmund zaps a wand.
The puff of flame hits you but does no damage.
The kobold misses you. The heat melts your icy armour.
Casting: Ozocubu's Armour (safe; 1% risk of failure)
Confirm with . or Enter, or press ? or * to list all spells.
Aiming: Freeze (safe; 1% risk of failure)
Press: ? - help, Shift-Dir - straight line, f - Edmund
Aim: Edmund, wielding a +5 flail of protection, wearing a +0 leather armour and carrying a wand of flame (17) (flame, moderately wounded, inner flame)
You freeze Edmund!
Flame seeps out of Edmund.
Edmund is heavily wounded.
Edmund is engulfed in blazing flames.
Flame seeps out of Edmund.
The wall freezes Edmund.
Edmund explodes!
The fiery explosion engulfs the kobold!!
The fiery explosion engulfs you!!
Ouch! That really hurt!
* * * LOW HITPOINT WARNING * * *
The kobold explodes!
The fiery explosion engulfs you!!!
Your icy armour melts away.
Ouch! That really hurt!
You die...

..##.#..........####.........#
.))#.....##..###.............#
#)))##...##.## #............##
#.#.)##..#..# #...........#
..##.....#..######.###########
#.......##..##.........#..[..##
.....#........>#..............##
##.#.##......###.....[..)......#
##.#...........#@§.............#
....)..)........○§§............#
##.............§§§§............#
.##...#........................#
.##.#..........#...............#
.##.#..#.......#..............##
....#..#.......#.............##
....#..#.......###..........##
.#..####...................##


There were no monsters in sight!

Vanquished Creatures
  Sigmund (D:4)
  Eustachio (D:4)
  Edmund (D:4)
  A black bear (D:4)
  A necrophage (D:4)
  A hound (D:4)
  2 orc priests (D:4)
  An orc wizard (D:4)
  4 adders
  4 gnolls (D:3)
  A worm (D:3)
  2 dart slugs
  7 orcs (D:4)
  5 ball pythons
  4 endoplasms
  2 giant cockroaches (D:3)
  3 goblins
  9 hobgoblins
  3 jackals (D:4)
  11 kobolds
  4 quokkas
  6 bats
  5 frilled lizards
  4 rats
83 creatures vanquished.

Notes
Turn   | Place    | Note
-------+----------+-------------------------------------------
     0 | D:1      | Bruhh the Gnoll Ice Elementalist began the quest for the
                  | Orb.
     0 | D:1      | Reached XP level 1. HP: 13/13 MP: 6/6
   104 | D:1      | Reached XP level 2. HP: 17/19 MP: 4/7
   410 | D:1      | Reached XP level 3. HP: 23/25 MP: 6/9
   414 | D:1      | Learned a level 3 spell: Frozen Ramparts
   418 | D:1      | Learned a level 3 spell: Ozocubu's Armour
   446 | D:1      | Reached skill level 5 in Spellcasting
   470 | D:1      | Found a faded altar of an unknown god.
  1177 | D:2      | Reached skill level 1 in Invocations
  1241 | D:2      | Found a hide-covered altar of Uskayaw.
  1507 | D:2      | Reached skill level 1 in Fighting
  1507 | D:2      | Reached skill level 1 in Short Blades
  1507 | D:2      | Reached skill level 1 in Long Blades
  1507 | D:2      | Reached skill level 1 in Axes
  1507 | D:2      | Reached skill level 1 in Maces & Flails
  1507 | D:2      | Reached skill level 1 in Polearms
  1507 | D:2      | Reached skill level 1 in Staves
  1507 | D:2      | Reached skill level 1 in Slings
  1507 | D:2      | Reached skill level 1 in Bows
  1507 | D:2      | Reached skill level 1 in Crossbows
  1507 | D:2      | Reached skill level 1 in Throwing
  1507 | D:2      | Reached skill level 1 in Armour
  1507 | D:2      | Reached skill level 1 in Shields
  1507 | D:2      | Reached skill level 1 in Unarmed Combat
  1507 | D:2      | Reached skill level 1 in Evocations
  1748 | D:2      | Reached XP level 4. HP: 32/32 MP: 9/11
  2204 | D:3      | Reached skill level 1 in Conjurations
  2204 | D:3      | Reached skill level 1 in Hexes
  2204 | D:3      | Reached skill level 1 in Summonings
  2204 | D:3      | Reached skill level 1 in Necromancy
  2204 | D:3      | Reached skill level 1 in Translocations
  2204 | D:3      | Reached skill level 1 in Transmutations
  2204 | D:3      | Reached skill level 1 in Fire Magic
  2204 | D:3      | Reached skill level 1 in Air Magic
  2204 | D:3      | Reached skill level 1 in Earth Magic
  2204 | D:3      | Reached skill level 1 in Poison Magic
  2292 | D:3      | Reached XP level 5. HP: 37/37 MP: 9/12
  2865 | D:4      | Noticed a black bear
  2876 | D:4      | Killed a black bear
  2877 | D:4      | Reached XP level 6. HP: 44/44 MP: 6/13
  3004 | D:4      | Noticed Eustachio
  3008 | D:4      | Reached skill level 5 in Dodging
  3024 | D:4      | Killed Eustachio
  3025 | D:4      | Reached XP level 7. HP: 50/51 MP: 5/15
  3149 | D:4      | Found Bevver's Antique Weapon Boutique.
  3160 | D:4      | Noticed Sigmund
  3179 | D:4      | Killed Sigmund
  3361 | D:4      | Reached skill level 5 in Stealth
  3470 | D:4      | Noticed Edmund
  3485 | D:4      | Killed Edmund
  3485 | D:4      | Killed by an exploding kobold... ignited by their inner
                  | flame

Illustrated notes

Levels and vault maps discovered:
D:1:      dpeg_arrival_shrine, layout_rooms, ebering_ecumenical_altar_abandoned
D:2:      layout_loops_corners, basic_altar, st_stairs_4, minmay_bisected
D:3:      kennysheep_six_static_rooms, layout_basic, minmay_misc_feat_hallway,
          st_stairs_1
D:4:      layout_rooms, serial_shops, nicolae_shop_overgrown_old_shop,
          uniq_eustachio, uniq_sigmund, uniq_edmund

Skill      XL: |  1  2  3  4  5  6  7 |
---------------+----------------------+-----
Spellcasting   | 5 |  5.7
Invocations    | 1 2 |  2.9
Fighting       | 1 2 |  2.6
Short Blades   | 1 2 |  2.6
Long Blades    | 1 2 |  2.6
Axes           | 1 2 |  2.6
Maces & Flails | 1 2 |  2.6
Polearms       | 1 2 |  2.6
Staves         | 1 2 |  2.6
Slings         | 1 2 |  2.6
Bows           | 1 2 |  2.6
Crossbows      | 1 2 |  2.6
Throwing       | 1 2 |  2.6
Armour         | 1 2 |  2.6
Shields        | 1 2 |  2.6
Unarmed Combat | 1 2 |  2.6
Evocations     | 1 2 |  2.6
Conjurations   | 1 2 |  2.1
Hexes          | 1 2 |  2.1
Summonings     | 1 2 |  2.1
Necromancy     | 1 2 |  2.1
Translocations | 1 2 |  2.1
Transmutations | 1 2 |  2.1
Fire Magic     | 1 2 |  2.1
Air Magic      | 1 2 |  2.1
Earth Magic    | 1 2 |  2.1
Poison Magic   | 1 2 |  2.1
Dodging        | 5 |  5.3
Stealth        | 5 |  5.0
Ice Magic      | |  7.4

Action                   |  1- 3 |  4- 6 |  7- 9 || total
-------------------------+-------+-------+-------++-------
Melee: Unarmed           |     4 |       |       ||     4
       Rapier            |     3 |    30 |     1 ||    34
       Bite              |       |     3 |       ||     3
 Cast: Freeze            |    47 |    32 |    18 ||    97
       Frozen Ramparts   |       |     6 |     3 ||     9
       Ozocubu's Armour  |       |     3 |     3 ||     6
  Use: Scroll            |       |       |     1 ||     1
       Potion            |       |       |     1 ||     1
Armor: Robe              |     5 |    26 |     4 ||    35
Dodge: Dodged            |    24 |    56 |    14 ||    94

Table legend: (Time is in decaauts)
 A = Elapsed time spent in this place.
 B = Non-inter-level travel time spent in this place.
 C = Inter-level travel time spent in this place.
 D = Time resting spent in this place.
 E = Time spent auto-exploring this place.
 F = Levels seen in this place.
 G = Mean time per level.
                   A        B        C        D        E       F      G
               +--------+--------+--------+--------+--------+-----+--------+
         Total |   3488 |   3458 |     30 |      0 |   2899 |   4 |  872.0 |
       Dungeon |   3488 |   3458 |     30 |      0 |   2899 |   4 |  872.0 |
               +--------+--------+--------+--------+--------+-----+--------+

Top non-repeatable levels by time:
     D:2: 1082 daAuts
     D:3: 1031 daAuts
     D:1: 752 daAuts
     D:4: 621 daAuts
